cohdb
Replays
Latest Replays
All Replays
Popular Replays
Top Player Replays
Match Explorer
How It Works
Community
CoH3 Stats
Reddit
Sign in to upload your games and track your stats! →
Sign in with Steam
Match 46548574
Unlisted
Match 46548574
Overview
Messages
Build Orders
End
Construct Barracks
Engineer Squad
Riflemen Squad
M1 Mortar Team
Riflemen Squad
Scout Squad
Grenade Package
Construct Medical Station
Engineer Squad
Air Support Center
Construct Weapon Support Center
Riflemen Squad
M1918 Browning Automatic Rifles
Construct Motor Pool
Selects Heavy Weapons
Selects Assault Carriers
Selects Halftrack Strongpoints
Selects M2HB .50cal Heavy Machine Gun
M8 Greyhound Armored Car
M1 Anti-tank Gun Team
Construct Weapon Support Center
M1919 Machine Gun Team
Improved Aircraft Armor
Riflemen Squad
P-47 Strafing Run
AI Takeover
Heilbron se gewapende tampon
K-2000
Sad Pepe
gio_misro
0
0
Comments
sign in to comment!
No comments posted yet!